 Dungeon Crawl Stone Soup version 0.30-a0-371-gad7725a93e (webtiles) character file.

Game seed: 2072786944140956887

93584 flotson the Fighter (level 15, -5/122 HPs)
             Began as a Demonspawn Delver on Nov 22, 2022.
             Was an Initiate of Gozag.
             Slain by a red ugly thing (11 damage)
             ... on level 15 of the Dungeon on Nov 23, 2022.
             The game lasted 00:49:07 (22734 turns).

flotson the Fighter (Demonspawn Delver)            Turns: 22734, Time: 00:49:12

Health: -5/122     AC: 16    Str: 26    XL:     15   Next: 61%
Magic:  0/24       EV: 37    Int: 11    God:    Gozag
Gold:   5332       SH:  0    Dex: 16    Spells: 14/14 levels left

rFire   . . .      SeeInvis .    a - +8 frozen axe "Frostbite" {freezing cloud, *Noise Fly rC+}
rCold   + + .      Faith    .    (shield currently unavailable)
rNeg    . . .      Spirit   +    O - +3 leather armour "Giocuag" {rC+ Regen+ MP+9 Dex-3}
rPois   .          Reflect  .    w - +4 helmet "Femuthro" {Harm}
rElec   .          Harm     +    Q - scarf {shadows}
rCorr   .          Rampage  .    (gloves unavailable)
Will    .....                    (no boots)
Stlth   +++.......               L - amulet of Ematsual {Acrobat Will- Dex+4 Slay+5}
HPRegen 1.20/turn                s - +4 ring of evasion
MPRegen 0.38/turn                p - +6 ring of strength

@: lethally poisoned (-5 -> -6), gold aura, acrobatic, flying, studying Short
Blades
A: icy blue scales 2, icemail 1, magic shield, magic regeneration, magic link,
condensation shield, demonic touch 3
a: Renounce Religion, Potion Petition, Call Merchant, Bribe Branch


You were on level 15 of the Dungeon.
You worshipped Gozag.
Gozag was greatly pleased with you.
You visited 4 branches of the dungeon, and saw 22 of its levels.
You also visited: Ice Cave.

You collected 5961 gold pieces.
You spent 480 gold pieces at shops.
You paid 149 gold pieces to Gozag.

Inventory:

Hand Weapons
 a - the +8 frozen axe "Frostbite" (weapon) {freezing cloud, *Noise Fly rC+}
   (You found it on level 9 of the Dungeon)

   It freezes those it strikes, dealing additional cold damage.
   It can also slow down cold-blooded creatures.
   It occasionally leaves clouds of freezing vapour upon striking a foe.
   It grants immunity to clouds of freezing vapour.
   rC:        It protects you from cold.
   Fly:       It grants you flight.
   *Noise:    It may make noises in combat.
 b - the +10 dark maul {vorpal}
   (You took it off an ettin on level 14 of the Dungeon)

   It inflicts extra damage upon your enemies.
 A - the +11 spear "Duvoag" {spect, rElec Will+ Int-5}
   (You found it on level 11 of the Dungeon)

   When its wielder attacks, the weapon's spirit leaps out and strikes again.
   The spirit shares a part of any damage it takes with its wielder.
   Int:       It affects your intelligence (-5).
   rElec:     It insulates you from electricity.
   Will:      It increases your willpower.
Missiles
 u - 6 silver javelins
 y - 17 poisoned darts (quivered)
 J - 8 javelins
 P - 2 throwing nets
 S - 3 silver boomerangs
Armour
 w - the +4 helmet "Femuthro" (worn) {Harm}
   (You acquired it on level 14 of the Dungeon)

   Harm:      It increases damage dealt and taken.
 O - the +3 leather armour "Giocuag" (worn) {rC+ Regen+ MP+9 Dex-3}
   (You found it on level 7 of the Dungeon)

   Dex:       It affects your dexterity (-3).
   rC:        It protects you from cold.
   MP:        It affects your magic capacity (+9).
   Regen:     It increases your rate of health regeneration.
 Q - a scarf of shadows (worn)
Jewellery
 p - a +6 ring of strength (right hand)
 s - a +4 ring of evasion (left hand)
 L - the amulet of Ematsual (around neck) {Acrobat Will- Dex+4 Slay+5}
   (You took it off a centaur on level 7 of the Dungeon)

   [amulet of the acrobat]

   It increases your evasion while moving and waiting.
   Dex:       It affects your dexterity (+4).
   Slay:      It affects your accuracy & damage with ranged weapons and melee
   (+5).
   Will:      It decreases your willpower.
Wands
 g - a wand of digging (4)
 G - a wand of charming (26)
 N - a wand of iceblast (25)
 X - a wand of mindburst (6)
 Y - a wand of flame (8)
Scrolls
 c - a scroll of fog
 i - 4 scrolls of vulnerability
 j - 2 scrolls of summoning
 k - 2 scrolls of silence
 l - 3 scrolls of immolation
 m - 10 scrolls of teleportation
 o - 3 scrolls of blinking
 r - 6 scrolls of butterflies
 v - 5 scrolls of poison
 R - 2 scrolls of torment
Potions
 d - 5 potions of resistance
 e - 4 potions of berserk rage
 f - 6 potions of haste
 h - a potion of might
 n - 5 potions of invisibility
 q - 7 potions of lignification
 t - 4 potions of mutation
 x - 5 potions of flight
 z - 2 potions of heal wounds
 B - 6 potions of curing
 E - 8 potions of ambrosia
 H - 2 potions of cancellation
 V - a potion of attraction
Miscellaneous
 C - a phantom mirror
 D - a lightning rod (4/4)
 F - a phial of floods
 K - a tin of tremorstones (2/2)
 U - a piece from Xom's chessboard (15/15)


   Skills:
 + Level 12.6 Fighting
 + Level 9.5(9.7) Axes
 + Level 1.8(6.2) Maces & Flails
 - Level 1.7(6.2) Polearms
 - Level 10.6 Throwing
 + Level 11.1 Armour
 + Level 11.3 Dodging
 - Level 4.5 Stealth
 - Level 2.8 Shields
 - Level 11.7 Evocations


You had 14 spell levels left.
You didn't know any spells.
Your spell library contained the following spells:

 Spells                   Type           Power      Damage    Failure   Level
 Freeze                   Ice            0%         1d3       36%         1
 Sting                    Tmut/Pois      0%         1d3       36%         1
 Cigotuvi's Dreadful Rot  Necr/Pois/Air  0%         N/A       52%         2
 Poisonous Vapours        Pois/Air       0%         N/A       52%         2
 Frozen Ramparts          Ice            0%         1d1       75%         3
 Hailstorm                Conj/Ice       0%         3d3       75%         3
 Kindle Blastsparks       Fire/Tloc/Air  0%         2d10      75%         3
 Mephitic Cloud           Conj/Pois/Air  0%         N/A       75%         3
 Stone Arrow              Conj/Erth      0%         3d7       75%         3
 Airstrike                Air            0%         2d(0-16)  98%         4
 Animate Armour           Summ/Erth      0%         N/A       98%         4
 Fulminant Prism          Conj/Hex       0%         3d5       98%         4
 Iskenderun's Mystic Bla  Conj/Tloc      0%         2d3       98%         4
 Leda's Liquefaction      Hex/Erth       0%         N/A       98%         4
 Olgreb's Toxic Radiance  Pois           0%         N/A       98%         4
 Summon Lightning Spire   Summ/Air       0%         N/A       98%         4
 Lee's Rapid Deconstruct  Erth           0%         3d4*      100%        5
 Lightning Bolt           Conj/Air       0%         1d11      100%        5
 Statue Form              Tmut/Erth      0%         N/A       100%        6
 Lehudib's Crystal Spear  Conj/Erth      0%         10d2      100%        8


Dungeon Overview and Level Annotations

Branches:
Dungeon (15/15)            Temple (1/1) D:7            Lair (5/5) D:9
 Shoals (0/4) Lair:3        Snake (0/4) Lair:3        Slime (0/5) Lair:5
    Orc (1/2) D:10         Vaults (0/5) D:14         Depths (0/4) D:15
  IceCv (visited)

Altars:
Ashenzari
Dithmenos
Fedhas
Gozag
Hepliaklqana
Kikubaaqudgha
Makhleb
Nemelex Xobeh
Okawaru
Qazlal
Ru
Sif Muna
Trog
Uskayaw
Vehumet
Wu Jian
Xom
Yredelemnul
Jiyva

Shops:
D:4 !:*   D:10 [

Portals:
Trove: D:10 (give 7 potions of haste)


Innate Abilities, Weirdness & Mutations

You are mostly covered in icy blue scales. (AC +3)
A meltable icy envelope protects you from harm. (AC +0)
When hurt, damage is shared between your health and your magic reserves.
You regenerate magic rapidly.
When low on magic, you restore magic in place of health.
A meltable shield of frost defends you. (SH +0)
Your touch may irresistibly damage your foes and sap their willpower.


Message History

The red ugly thing misses you.
You are too injured to fight recklessly!
You are too injured to fight recklessly!
Unknown command.
Unknown command.
You are too injured to fight recklessly!
Unknown command.
You are too injured to fight recklessly!
Unknown command.
You are too injured to fight recklessly!
You slash the purple ugly thing! You freeze the purple ugly thing.
The purple ugly thing is almost dead.
You hit the red ugly thing. You freeze the red ugly thing.
You slice the red ugly thing!! You freeze the red ugly thing!
You kill the red ugly thing!
You feel extremely sick. The red ugly thing punches you.
You are engulfed in flames!
* * * LOW HITPOINT WARNING * * *
You slice the purple ugly thing!! You freeze the purple ugly thing.
You kill the purple ugly thing!
You hit the red ugly thing but do no damage.
You feel very sick.
The red ugly thing is engulfed in freezing vapours.
The red ugly thing punches you.
* * * LOW HITPOINT WARNING * * *
You are engulfed in flames!!
* * * LOW HITPOINT WARNING * * *
You feel much better.
You feel very sick.
The brown ugly thing is engulfed in freezing vapours.
The brown ugly thing basks in the mutagenic energy from its kin and changes!
The red ugly thing is engulfed in freezing vapours.
The red ugly thing misses you.
You feel very sick.
The red ugly thing is engulfed in freezing vapours.
The red ugly thing punches you!
* * * LOW HITPOINT WARNING * * *
You are engulfed in flames!
You die...
Your body crumbles into a pile of gold.

#####
.....
.... #..#
#..# #$u#
#u.# #.@#
#..# #..#
#.$# #..#
#..#
#..######
#........
..
#..######
#.#######


You could see 2 ugly things.

Vanquished Creatures
  Rupert (D:13)
  An orc warlord (D:14)
  A reaper (IceCv)
  A stone giant (D:15)
  A dire elephant (Lair:5)
  An ettin (D:14)
  Snorg (D:14)
  A shambling mangrove (Lair:5)
  3 hydras
  2 catoblepae
  An ice dragon (D:14)
  5 centaur warriors
  5 boulder beetles
  3 tengu warriors
  The ghost of bakla the Eclecticist, a journeyman DECj of Sif Muna (Lair:2)
  6 two-headed ogres
  A deep troll shaman (Lair:5)
  26 death yaks
  A lindwurm (Lair:5)
  2 wizards
  A phantasmal warrior (D:14)
  3 orc knights (D:14)
  An oklob plant (Lair:2)
  9 ugly things
  3 cyclopes
  4 manticores
  2 ice statues (IceCv)
  7 elephants (Lair:5)
  A merfolk siren (Lair:3)
  6 black mambas
  A gargoyle (D:7)
  2 unseen horrors
  7 rime drakes
  6 cane toads
  5 komodo dragons
  A kobold demonologist (D:12)
  2 anaconda simulacra (IceCv)
  A yaktaur (D:15)
  9 ice devils
  A wandering mushroom (Lair:5)
  2 freezing wraiths
  2 tengu conjurers
  7 trolls
  3 polar bears
  4 hornets
  18 slime creatures
  6 dream sheep (Lair:4)
  9 blink frogs (Lair:5)
  A spriggan (shapeshifter) (D:14)
  A centaur simulacrum (D:15)
  2 shadows
  7 wyverns
  2 wraiths (D:13)
  3 dire elephant simulacra (IceCv)
  52 yaks
  5 basilisks
  4 steam dragons
  6 vampire mosquitoes
  2 nagas (Lair:3)
  A swamp worm (shapeshifter) (D:14)
  2 acid dragons
  3 harpy simulacra (IceCv)
  2 hydra simulacra (IceCv)
  15 water moccasins
  9 orc warriors
  A swamp drake (D:9)
  2 black bears (Lair:5)
  An ogre (D:6)
  21 centaurs
  9 wolves
  A kobold brigand (D:9)
  Blork the orc (D:4)
  9 bullfrogs
  2 gnoll sergeants
  A cane toad simulacrum (Lair:2)
  5 necrophages
  10 wights
  3 scorpions
  A ballistomycete (Lair:5)
  3 elephant simulacra
  6 electric eels
  2 howler monkeys
  3 jellies
  4 lava snakes (Lair:4)
  2 hounds
  5 komodo dragon simulacra (Lair:2)
  14 orc priests
  A water moccasin simulacrum (Lair:2)
  Crazy Yiuf (D:5)
  3 gnoll boudas
  Natasha (thrice) (D:3)
  9 iguanas
  11 orc wizards
  3 polar bear simulacra
  A wolf simulacrum (Lair:4)
  21 gnolls
  10 adders
  A shadow imp (D:5)
  9 white imps
  An ufetubus (D:7)
  4 worms
  2 dart slugs
  65 orcs
  4 ball pythons
  11 endoplasms
  6 giant cockroaches
  5 goblins
  7 hobgoblins
  8 jackals
  8 kobolds
  6 quokkas
  8 bats
  2 frilled lizards
  4 rats
  2 bushes (Lair:2)
626 creatures vanquished.

Vanquished Creatures (others)
  A komodo dragon (D:9)
  An orc (Orc:1)
  3 ballistomycete spores (Lair:5)
  26 fungi
  32 plants
63 creatures vanquished.

Grand Total: 689 creatures vanquished

Notes
Turn   | Place    | Note
-------+----------+-------------------------------------------
     0 | D:5      | flotson the Demonspawn Delver began the quest for the Orb.
     0 | D:5      | Reached XP level 1. HP: 18/18 MP: 1/1
    29 | D:5      | Noticed a centaur
    53 | D:5      | Found an ornate altar of the Wu Jian Council.
   105 | D:4      | Noticed an orc wizard
   105 | D:4      | Noticed an orc wizard
   114 | D:5      | Noticed an iguana
   123 | D:5      | Noticed an iguana
   134 | D:5      | Noticed an iguana
   141 | D:4      | Found Celug's Distillery.
   154 | D:4      | Noticed Blork the orc
   296 | D:4      | Found Zatz's Book Shop.
   454 | D:3      | Gained mutation: You are partially covered in icy blue
                  | scales. (AC +2) [demonic ancestry]
   454 | D:3      | Reached XP level 2. HP: 21/24 MP: 2/2
   703 | D:1      | Reached skill level 1 in Evocations
   716 | D:1      | Reached skill level 1 in Armour
   846 | D:1      | Reached XP level 3. HP: 24/29 MP: 3/3
  1309 | D:2      | Found a basalt altar of Yredelemnul.
  1631 | D:2      | Gained mutation: You regenerate magic rapidly. [demonic
                  | ancestry]
  1631 | D:2      | Reached XP level 4. HP: 26/35 MP: 4/4
  2268 | D:3      | Found an ancient bone altar of Kikubaaqudgha.
  2301 | D:3      | Noticed Natasha
  2320 | D:3      | Killed Natasha
  2403 | D:3      | Found a hazy altar of Hepliaklqana.
  2445 | D:3      | Noticed Natasha
  2457 | D:3      | Killed Natasha
  2458 | D:3      | Gained mutation: You are mostly covered in icy blue scales.
                  | (AC +3) [demonic ancestry]
  2458 | D:3      | Reached XP level 5. HP: 5/42 MP: 5/5
  2471 | D:3      | Noticed Natasha
  2599 | D:3      | Killed Natasha
  2600 | D:3      | Reached skill level 1 in Throwing
  3319 | D:4      | Reached skill level 4 in Fighting
  3322 | D:4      | Found Vommap's Armour Shoppe.
  3706 | D:4      | Gained mutation: When hurt, damage is shared between your
                  | health and your magic reserves. [demonic ancestry]
  3706 | D:4      | Reached XP level 6. HP: 44/48 MP: 6/6
  3854 | D:4      | Found Zin's Purification Station.
  4407 | D:4      | Killed Blork the orc
  4446 | D:4      | Bought a potion of degeneration for 13 gold pieces
  4446 | D:4      | Bought 2 potions of curing for 78 gold pieces
  4446 | D:4      | Bought a potion of heal wounds for 65 gold pieces
  4446 | D:4      | Bought a potion of lignification for 39 gold pieces
  4495 | D:4      | Gained mutation: Your touch may inflict minor irresistible
                  | damage on your foes. [demonic ancestry]
  4495 | D:4      | Reached XP level 7. HP: 44/55 MP: 5/7
  5268 | D:5      | Reached skill level 5 in Fighting
  5429 | D:5      | Found a runed translucent door.
  5430 | D:5      | Noticed Crazy Yiuf
  5621 | D:5      | Gained mutation: Your touch may inflict irresistible damage
                  | on your foes. [demonic ancestry]
  5621 | D:5      | Reached XP level 8. HP: 56/62 MP: 8/8
  6351 | D:5      | Killed Crazy Yiuf
  6826 | D:6      | Reached skill level 6 in Fighting
  6826 | D:6      | Reached skill level 5 in Dodging
  6883 | D:6      | Reached skill level 5 in Evocations
  7203 | D:7      | Reached XP level 9. HP: 69/69 MP: 9/9
  7261 | D:7      | Noticed a gargoyle
  7633 | D:6      | Reached skill level 5 in Armour
  7840 | D:7      | Noticed a troll
  8023 | D:7      | Identified the +3 war axe of the Many Continents {drain,
                  | rPois Str+6 Int+3}
  8272 | D:6      | Killed a troll
  8396 | D:7      | Found a staircase to the Ecumenical Temple.
  8407 | Temple   | Entered the Ecumenical Temple
  8548 | Temple   | Became a worshipper of Gozag Ym Sagoz the Greedy
  8705 | D:6      | Reached skill level 5 in Throwing
  8749 | D:7      | Identified the +10 rapier of Wuhoom {freeze, Fragile Str+6
                  | SInv}
  8749 | D:7      | Identified the amulet of Ematsual {Acrobat Will- Dex+4
                  | Slay+5}
  8839 | D:7      | Reached skill level 7 in Fighting
  8919 | D:7      | Noticed an unseen horror
  8929 | D:7      | Killed an unseen horror
  8956 | D:7      | Gained mutation: A meltable shield of frost defends you.
                  | (SH +0) [demonic ancestry]
  8956 | D:7      | Reached XP level 10. HP: 60/75 MP: 8/10
  9045 | D:7      | Killed a gargoyle
  9068 | D:7      | Reached skill level 1 in Axes
  9094 | D:7      | Identified the +3 leather armour "Giocuag" {rC+ Regen+ MP+9
                  | Dex-3}
  9745 | D:8      | Found a bloodstained altar of Trog.
 10074 | D:8      | Reached skill level 1 in Shields
 10345 | D:9      | Reached skill level 8 in Fighting
 10603 | D:9      | Found a stormy altar of Qazlal.
 10820 | D:8      | HP: 4/80 [freezing wraith (3)]
 10825 | D:8      | Reached XP level 11. HP: 22/86 MP: 3/11
 11416 | D:9      | Found a staircase to the Lair.
 11681 | D:9      | Found the +8 frozen axe "Frostbite" {freezing cloud, *Noise
                  | Fly rC+}
 11786 | D:10     | Entered Level 10 of the Dungeon
 11787 | D:10     | Noticed a two-headed ogre
 11896 | D:10     | Found a staircase to the Orcish Mines.
 12060 | D:10     | Noticed a tengu warrior
 12069 | D:10     | Killed a tengu warrior
 12172 | D:10     | Killed a two-headed ogre
 12192 | D:10     | Found Wucuc's Antique Armour Shop.
 12199 | D:10     | Bought a pair of faintly glowing gloves for 285 gold pieces
 12199 | D:10     | Identified the +1 pair of gloves "Wihaaf" {Regen+ Dex-4
                  | Slay+5} (You bought it in a shop on level 10 of the
                  | Dungeon)
 12443 | D:10     | Found a portal to a secret trove of treasure.
 12820 | Lair:1   | Entered Level 1 of the Lair of Beasts
 13160 | Lair:1   | Reached skill level 9 in Fighting
 13675 | Lair:2   | Noticed an oklob plant
 13740 | Lair:2   | Found a runed translucent gate.
 13741 | Lair:2   | Found a runed translucent gate.
 13743 | Lair:2   | Found a runed translucent gate.
 13805 | Lair:2   | Reached XP level 12. HP: 80/95 MP: 12/12
 13839 | Lair:2   | Noticed a death yak
 13849 | Lair:2   | Noticed a death yak
 13849 | Lair:2   | Killed a death yak
 13849 | Lair:2   | Noticed a death yak
 13850 | Lair:2   | Noticed a death yak
 13852 | Lair:2   | Noticed a death yak
 13852 | Lair:2   | Noticed a death yak
 13912 | Lair:2   | Killed a death yak
 13931 | Lair:2   | Noticed bakla's ghost (journeyman DECj)
 13948 | Lair:2   | Reached skill level 5 in Axes
 14112 | Lair:2   | Noticed an eight-headed hydra
 14118 | Lair:2   | Killed a ten-headed hydra
 14238 | Lair:2   | Killed a death yak
 14259 | Lair:2   | Killed a death yak
 14263 | Lair:2   | Killed a death yak
 14263 | Lair:2   | Killed a death yak
 14891 | Lair:2   | Killed bakla's ghost
 14892 | Lair:2   | Reached skill level 10 in Fighting
 15234 | Lair:3   | Found a staircase to the Snake Pit.
 15436 | Lair:3   | Noticed a catoblepas
 15441 | Lair:3   | Killed a catoblepas
 15706 | Lair:3   | Gained mutation: A meltable icy envelope protects you from
                  | harm. (AC +0) [demonic ancestry]
 15706 | Lair:3   | Reached XP level 13. HP: 103/103 MP: 13/13
 15712 | Lair:3   | Found a staircase to the Shoals.
 16279 | Lair:4   | Found a frozen archway.
 16287 | IceCv    | Entered an ice cave
 16502 | IceCv    | Noticed a reaper
 16511 | IceCv    | Killed a reaper
 17159 | Lair:5   | Entered Level 5 of the Lair of Beasts
 17199 | Lair:5   | Reached skill level 10 in Evocations
 17416 | Lair:5   | Found a viscous altar of Jiyva.
 17418 | Lair:5   | Found a staircase to the Slime Pits.
 17491 | Lair:4   | Reached skill level 11 in Fighting
 17629 | Lair:5   | Reached skill level 10 in Dodging
 17629 | Lair:5   | Gained mutation: Your touch may irresistibly damage your
                  | foes and sap their willpower. [demonic ancestry]
 17629 | Lair:5   | Reached XP level 14. HP: 55/113 MP: 10/14
 18165 | Lair:5   | Reached skill level 10 in Armour
 18670 | Lair:5   | Paralysed by a hornet for 1 turns
 19038 | Orc:1    | Entered Level 1 of the Orcish Mines
 19038 | Orc:1    | Found a burning altar of Makhleb.
 19075 | Orc:1    | HP: 4/114 [orc knight/+0 great sword (15)]
 19466 | D:11     | Identified the +11 spear "Duvoag" {spect, rElec Will+
                  | Int-5}
 19701 | D:11     | Reached skill level 10 in Throwing
 20527 | D:13     | Reached skill level 12 in Fighting
 20739 | D:13     | Gained mutation: When low on magic, you restore magic in
                  | place of health. [demonic ancestry]
 20739 | D:13     | Reached XP level 15. HP: 74/120 MP: 15/15
 20809 | D:13     | Noticed Rupert
 20813 | D:13     | Paralysed by Rupert for 2 turns
 20820 | D:13     | Killed Rupert
 21196 | D:14     | Found an opulent altar of Gozag.
 21286 | D:14     | Noticed Snorg
 21295 | D:14     | Killed Snorg
 21461 | D:14     | Identified a scroll of acquirement
 21462 | D:14     | Acquired the +4 helmet "Femuthro" {Harm}
 21705 | D:14     | Found a gate to the Vaults.
 22290 | D:14     | Reached skill level 1 in Maces & Flails
 22481 | D:15     | Entered Level 15 of the Dungeon
 22561 | D:15     | Found a staircase to the Depths.
 22732 | D:15     | HP: 1/122 [red ugly thing (17)]
 22734 | D:15     | Slain by a red ugly thing

Illustrated notes

Levels and vault maps discovered:
D:1:      tarquinn_simple_flora_water_e, layout_basic
D:2:      layout_loops_ring, basic_altar, nicolae_wormholes
D:3:      minmay_angry_zag, layout_basic, mainiacjoe_overflow_surrounded_room,
          old_standard_altar, kennysheep_generic_room_6, uniq_natasha
D:4:      layout_gridville, zin_purify, serial_shops, shop,
          nicolae_diamond_shop, shop, minmay_pentomino_pile, uniq_blork_the_orc
D:5:      layout_loops_cross, nzn_wu_jian_council_hall, amethyst_killhole,
          st_stairs_1, minmay_strange_pillars, uniq_crazy_yiuf_cottage
D:6:      layout_loops_cross, minivault_10
D:7:      minmay_the_grid_octo_triangle [minmay_the_grid_octo_vomiting_pacman,
          minmay_the_grid_octo_prize_star,
          minmay_the_grid_octo_tetromino_candy], layout_cave_pools,
          minmay_temple_entry_butterflies
D:8:      layout_loops_cross, mainiacjoe_overflow_brackets, special_room
          [special_room_orc]
D:9:      layout_loops_ring, mainiacjoe_overflow_boulevard, erik_lair_dragon,
          hellmonk_guarded_unrand_frostbite
D:10:     layout_small_grid, hiddenorc2_lemuel, serial_shops,
          nicolae_shop_crystal, enter_trove_2
D:11:     layout_basic, serial_bayou_pond_c
D:12:     layout_small_grid, grunt_decor_cap, chequers_serial_rivers_marsh
D:13:     layout_roguey, uniq_rupert
D:14:     layout_basic, david_vaults_4, grunt_gozag_statues,
          hellmonk_guarded_unrand_dark_maul, uniq_snorg
D:15:     grunt_enter_depths_giant_problem, layout_long_grid, serial_demonic,
          serial_demonic_f, serial_demonic_c, serial_demonic_a,
          serial_demonic_g, fedhas_altar_fruit_tree,
          nicolae_hepliaklqana_hippocampus
Temple:   nicolae_temple_slightly_damp_pantheon
Lair:1:   layout_loops_ring, minivault_27, wad_woods_road_01
Lair:2:   layout_regular_city, gammafunk_ghost_icy, minmay_lair_oklob_bushes
Lair:3:   layout_roguey, minmay_shoals_entry_lonely_mermaid,
          guppyfry_snake_entry_island
Lair:4:   layout_gridlike, portal_ice_cave_entry_ice_simulacra,
          nicolae_lair_liquid_snakes, serial_bayou_shore_b, grunt_megastairs_3,
          lemuel_fruit_tree
Lair:5:   grunt_lair_end_beastmaster, layout_cave_pods,
          minmay_slime_entry_oklob_enclosed, serial_bayou_ford_a
Orc:1:    layout_caves, bloody_makhleb

Skill      XL: |  1  2  3  4  5  6  7  8  9 10 11 12 13 14 15 |
---------------+----------------------------------------------+-----
Dodging        | 2 3 4 5 6 7 8 9 10 11 | 11.3
Evocations     | 1 2 3 5 6 7 8 9 10 11 | 11.7
Armour         | 1 2 3 4 5 6 7 8 9 10 11 | 11.1
Throwing       | 1 2 3 4 5 6 7 8 9 10 | 10.6
Fighting       | 4 5 6 7 8 9 10 11 12 | 12.6
Axes           | 3 4 6 7 8 9 |  9.5
Shields        | 2 |  2.8
Maces & Flails | 1 |  1.8
Polearms       | |  1.7
Stealth        | |  4.5

Action                   |  1- 3 |  4- 6 |  7- 9 | 10-12 | 13-15 || total
-------------------------+-------+-------+-------+-------+-------++-------
Melee: Spear             |   222 |   164 |       |       |    72 ||   458
       Punch             |     1 |     1 |       |     4 |     5 ||    11
       Halberd           |       |    68 |   220 |       |       ||   288
       Quarterstaff      |       |       |   144 |       |       ||   144
       Rapier            |       |       |    17 |     6 |       ||    23
       Touch             |       |       |     5 |     9 |    15 ||    29
       War axe           |       |       |       |   245 |       ||   245
       Executioner's axe |       |       |       |   221 |   455 ||   676
       Maul              |       |       |       |       |    25 ||    25
Throw: Dart              |       |    16 |    17 |     6 |       ||    39
       Javelin           |       |     2 |     9 |       |       ||    11
       Boomerang         |       |       |     2 |     4 |       ||     6
Evoke: Wand              |     1 |       |       |     3 |     9 ||    13
       Phantom mirror    |       |       |       |       |     1 ||     1
  Use: Scroll            |     2 |       |     1 |    16 |    11 ||    30
       Potion            |       |       |     1 |     4 |     1 ||     6
 Stab: Sleeping          |    12 |     3 |     4 |    11 |    11 ||    41
       Confused          |       |       |     2 |       |       ||     2
       Distracted        |       |       |     1 |     4 |     7 ||    12
       Petrified         |       |       |       |       |     3 ||     3
Armor: Leather armour    |    59 |    33 |       |   137 |   293 ||   522
       Ring mail         |       |    50 |   157 |       |       ||   207
       Troll leather arm |       |       |    22 |       |       ||    22
Dodge: Dodged            |   127 |   115 |   283 |   324 |   645 ||  1494
Block: Kite shield       |       |       |       |   176 |       ||   176
       Other             |       |       |       |    43 |   112 ||   155

Table legend: (Time is in decaauts)
 A = Elapsed time spent in this place.
 B = Non-inter-level travel time spent in this place.
 C = Inter-level travel time spent in this place.
 D = Time resting spent in this place.
 E = Time spent auto-exploring this place.
 F = Levels seen in this place.
 G = Mean time per level.
                   A        B        C        D        E       F      G
               +--------+--------+--------+--------+--------+-----+--------+
         Total |  23457 |  22312 |   1145 |   1398 |  15238 |  23 | 1019.9 |
       Dungeon |  16918 |  16112 |    806 |   1254 |  10774 |  15 | 1127.9 |
        Temple |    151 |    141 |     10 |      0 |    119 |   1 |  151.0 |
          Lair |   5910 |   5581 |    329 |    144 |   4123 |   5 | 1182.0 |
  Orcish Mines |     12 |     12 |      0 |      0 |      0 |   1 |   12.0 |
      Ice Cave |    464 |    464 |      0 |      0 |    222 |   1 |  464.0 |
               +--------+--------+--------+--------+--------+-----+--------+

Top non-repeatable levels by time:
     D:6: 1967 daAuts
     D:4: 1825 daAuts
  Lair:5: 1778 daAuts
     D:5: 1777 daAuts
     D:9: 1636 daAuts
  Lair:2: 1502 daAuts
    D:14: 1334 daAuts
     D:3: 1319 daAuts
    D:10: 1184 daAuts
     D:8: 1086 daAuts
     D:2: 954 daAuts
  Lair:4: 920 daAuts
     D:7: 910 daAuts
  Lair:1: 906 daAuts
    D:13: 834 daAuts
